[Event "AUT Bundesliga 2024-25"]
[Site "Austria"]
[Date "2025.04.04"]
[Round "9.33"]
[White "Halvax, Georg"]
[Black "Markus, Robert"]
[Result "1-0"]
[Annotator "TA"]
[ECO "A53"]
[WhiteElo "2441"]
[BlackElo "2595"]
[PlyCount "119"]
[EventDate "2024.08.28"]
[EventType "team-tourn"]
[EventCountry "AUT"]
[SourceTitle "playchess.com"]
[Source "ChessBase"]
[SourceQuality "1"]
[TimeControl "40/5400+30:1800+30"]

1. d4 Nf6 2. c4 d6 3. Nc3 Nbd7 4. e4 e5 5. d5 h5 6. Bd3 {[%emt 0:00:10] A53: Old Indian Defence without Nf3.} g6 7. h4 $146 (7. Nf3 Bh6 8. Bxh6 Rxh6 9. Qd2 Rh8 10. O-O-O a5 11. Kb1 Nc5 12. Bc2 Bg4 13. Qe3 a4 {0-1 Manukian,A (2196)-Diaz Perez,M (2473) Titled Tuesday intern op 27th Jun Early blitz 2023 (4)}) 7... Nc5 8. Bc2 {[%emt 0:00:36] White is slightly better.} a5 9. f3 Qe7 10. Be3 Bh6 11. Bxh6 Rxh6 12. Qd2 Rh8 13. O-O-O Kf8 14. g3 Kg7 15. Nh3 Bxh3 16. Rxh3 Rad8 17. Re1 c6 18. f4 Ng4 (18... Qc7 $11) 19. Rhh1 Nd7 20. Rhf1 (20. Bd1 $14) 20... Nb6 (20... exf4 $1 $11 21. Rxf4 Rhf8) 21. b3 a4 $1 22. Bd1 {[%emt 0:04:34] Black should prevent Bxg4.} (22. bxa4 Nxc4 23. Qd3 exf4 24. Qd4+ Nce5 25. gxf4 c5) 22... axb3 23. axb3 Nf6 24. f5 Nbd7 25. Rf2 Nf8 26. Qe3 N8h7 27. Rg1 Rhg8 (27... Ra8 $11) 28. g4 (28. Kb2 {seems wilder.} Rdf8 29. g4 hxg4 30. Bxg4 Nxg4 31. Rxg4 Nf6 32. Rg1) 28... hxg4 29. fxg6 fxg6 {[%emt 0:00:06] White has space advantage and is better} 30. Bxg4 {[%emt 0:00:08] White has more active pieces.} Nxg4 31. Rxg4 Kh8 32. Rfg2 $36 {[%emt 0:01:54][%csl Og6][%mdl 2048] White attacks a weakness White is in control.} Qf7 33. Qh6 {[%emt 0:02:25] White attacks} ({White should play} 33. Qg1) 33... Qf1+ $16 34. Kc2 Rdf8 35. Qd2 $1 (35. Rxg6 Qxg2+ 36. Rxg2 Rxg2+ 37. Kc1 Rf6 $15) 35... Rf6 {[%emt 0:02:46] [#]} 36. c5 Rgf8 (36... dxc5 $11 {feels stronger.} 37. d6 Rf7) 37. dxc6 (37. Rxg6 $2 Rxg6 38. Rxg6 Rf2 (38... dxc5 39. Rg2 $16) 39. cxd6 Rxd2+ 40. Kxd2 Qf2+ 41. Kc1 Qd4 $19 (41... Qxh4 $2 42. d7 $19)) (37. Rg1 {simplifies} Qf2 38. Qxf2 Rxf2+ 39. Kc1) 37... Rf2 $2 (37... bxc6 $11 {and Black has nothing to worry.} 38. Rg1 (38. cxd6 $2 Rf2 $19) (38. Rxg6 $2 Rxg6 39. Rxg6 Rf2 $19) 38... Qf2 39. Qxf2 (39. Rxg6 Qxc5 40. Rxf6 Rxf6 $11) 39... Rxf2+ 40. Kc1 (40. Kd3 $2 R8f3+ 41. Kc4 Rc2 $19) 40... R2f3 (40... dxc5 41. Rxg6 R2f3 42. Kc2 $16)) 38. Rxf2 $18 Rxf2 39. cxb7 Rxd2+ 40. Kxd2 Qf2+ (40... dxc5 $2 41. b8=Q+ (41. b8=B $2 Qf2+ 42. Kc1 Qd4 $19) 41... Qf8 42. Qxf8+ (42. Qxe5+ Qg7 $18) 42... Nxf8 43. Na4 $18) 41. Ne2 Qf8 42. Rxg6 Qb8 (42... dxc5 $2 43. Ra6 Kg7 44. Ra8 Qd6+ 45. Kc2 $18) (42... Qd8 {is a better defense.}) 43. c6 (43. cxd6 $2 Qxb7 44. Nc3 Qf7 $19 (44... Qxb3 45. d7 $15)) 43... Nf8 44. Rg1 Ne6 45. Ra1 $1 Nc7 {[%emt 0:00:06] Repels Ra8} 46. b4 {[%emt 0:03:05][%cal Ob4b5] b5! would now be deadly.} d5 {[%emt 0:01:07][%cal Bd6d5,Bd5e4,Be4e3][%mdl 32] [#]} 47. b5 $1 dxe4 (47... Qd8 48. Nc3) 48. b6 Qd8+ {[%emt 0:00:20] [#]} 49. Kc1 $2 (49. Kc2 $1 $18 Ne8 (49... Qd3+ 50. Kc1 $18) 50. Ra8 Qd3+ 51. Kc1 Qe3+ 52. Kd1 Qd3+ 53. Ke1) 49... e3 $1 $11 50. Nd4 {[%emt 0:00:59] Really sharp!} Kh7 $2 (50... exd4 $2 51. bxc7 Qxc7 52. Ra8+ Kh7 53. b8=Q $18 (53. b8=B Qxc6+ 54. Kb2 Qb7+ 55. Kc2 Qxa8 56. Bf4 Qe4+ 57. Kc1 Qxf4 58. Kc2 e2 59. h5 e1=Q 60. Kb3 Qf3+ 61. Kc4 Qec3+ 62. Kb5 Qfc6#) (53. Rc8 Qf4 $18)) (50... Qxd4 $11 51. b8=Q+ (51. b8=B $2 Qd2+ 52. Kb1 e2 53. bxc7 e1=Q#) 51... Kg7 52. Qxc7+ (52. bxc7 Qxa1+ 53. Kc2 Qa4+ 54. Qb3 Qxc6+ 55. Qc3 Qg6+ 56. Kb2 Qg2+ 57. Ka3 Qa8+ 58. Kb2 Qb7+ 59. Kc2 Qe4+ 60. Kd1 Qf3+ 61. Kc2 Qe2+ 62. Kb1 Qd1+ 63. Kb2 Qe2+ 64. Kb3 Qb5+ 65. Ka2 Qa6+ 66. Kb1 Qb7+ 67. Kc1 Qh1+ 68. Kc2 Qe4+ 69. Kb2 Qg2+ 70. Ka3 Qa8+ 71. Kb2 Qb7+ 72. Kc2 Qe4+ $11) 52... Kf6) 51. bxc7 $18 Qxd4 52. b8=Q {[%emt 0:01:22] Intending Ra7 and mate.} (52. b8=B $2 Qd2+ (52... Qxa1+ {gets mated.} 53. Kc2 Qa2+ 54. Kd3 Qb3+ 55. Ke2 e4 56. Kf1 Qc2 57. Kg1 Qf2+ 58. Kh1 e2 59. c8=Q e1=Q#) 53. Kb1 e2 54. c8=Q e1=Q#) ({Worse is} 52. c8=Q Qc3+ 53. Kb1 Qb4+ 54. Kc2 Qc4+ 55. Kb2 Qb4+ 56. Kc2 Qc4+ 57. Kb2 Qb4+ 58. Ka2 Qa4+ 59. Kb2 Qb4+ $11) 52... Qxa1+ {[%emt 0:02:17][%mdl 4096] Endgame KQ-KQ. White is a pawn up.} 53. Kc2 $2 (53. Qb1+ $18 Qxb1+ 54. Kxb1) 53... Qa2+ $4 (53... Qa4+ $14 54. Qb3 Qxc6+ 55. Qc3 Qg2+ 56. Kd3 Qg6+ 57. Kxe3 Qg3+ 58. Kd2 Qf2+ 59. Kc1 Qg1+ 60. Kc2 Qf2+ 61. Kb3 Qb6+ 62. Ka4 Qa6+ 63. Qa5 Qc4+ 64. Ka3 Qc1+ 65. Kb4 Qe1+ 66. Kb5 Qf1+ 67. Kb6 Qf6+ 68. Ka7 Qf7) 54. Qb2 Qc4+ 55. Qc3 Qe2+ 56. Kc1 Qf1+ 57. Kb2 Qa6 58. Qxe3 {[%emt 0:01:07] White mates.} Qxc6 59. Qxe5 Kg6 60. h5+ {[%emt 0:00:36] Weighted Error Value: White=0.35/Black=0.50  Loses game:     	---       	Black=2      Missed win:     	White=1     	---        Mistake:       	White=4     	Black=5      Inaccurate:     	White=5     	Black=3      OK:         	White=12    	Black=18     Best:        	White=4     	Black=4      Strong:       	White=2     	Black=2} 1-0

[Event "AUT Bundesliga 2024-25"]
[Site "Austria"]
[Date "2025.04.04"]
[Round "9.34"]
[White "Korpa, Bence"]
[Black "Handler, Lukas"]
[Result "1-0"]
[Annotator "TA"]
[ECO "D00"]
[WhiteElo "2543"]
[BlackElo "2444"]
[PlyCount "89"]
[EventDate "2024.08.28"]
[EventType "team-tourn"]
[EventCountry "AUT"]
[SourceTitle "playchess.com"]
[Source "ChessBase"]
[SourceQuality "1"]
[TimeControl "40/5400+30:1800+30"]

1. d4 d5 2. Bf4 Nf6 3. e3 c5 4. c3 Nc6 5. Nd2 e6 6. Bd3 Bd6 7. Bxd6 $1 {[%emt 0:00:35] 7.Bxd6 is better than 7.Bg3. D00: 1 d4 d5: Unusual lines.} Qxd6 8. f4 cxd4 9. cxd4 {[%emt 0:00:09] The position is equal.} Bd7 10. a3 {[%emt 0:02:29] Dodges Nb4} Ne7 11. Ngf3 Qb6 12. Qe2 Qxb2 13. O-O {[%emt 0:00:13] White sacrificed a pawn} Qb6 $146 (13... O-O 14. a4 Qb6 15. Ne5 Rfc8 16. a5 Qd8 17. g4 Be8 18. Rf3 Rc3 19. Rh3 Ng6 {1-0 Sengupta,D (2559)-Fedorchuk,S (2631) Purtichju op 6th 2019 (4)}) 14. Ne5 Bc6 15. Rab1 Qc7 16. Qf3 Nd7 17. Qh5 g6 18. Qh6 Nxe5 $1 19. fxe5 Nf5 $1 20. Bxf5 gxf5 21. Nb3 O-O-O 22. Rfc1 {[%emt 0:14:50] [#]} Kb8 $1 23. Nc5 Qe7 $1 24. Nxe6 fxe6 25. Rxc6 Rhe8 26. a4 Rc8 27. Rxc8+ Rxc8 $11 {[%emt 0:00:16][%mdl 4096] Endgame KQR-KQR} 28. h3 Rg8 29. Rb2 Rg6 30. Qh5 Qf7 {[%emt 0:01:40][%cal Og6g2] Threatens to win with ...Rxg2+!.} 31. Qh4 Rg8 {[%emt 0:00:43] Prevents Qd8+} 32. a5 Qg7 33. a6 b6 34. Kh2 Rc8 35. g4 fxg4 36. hxg4 Kc7 (36... Rf8 $11) 37. Kg3 Kd7 38. Rh2 (38. Rf2 {keeps more tension.} Rc1 39. Qh5 Ke7 40. Kg2) 38... Rh8 (38... Rc1 $1 $14) 39. Qh5 {[%emt 0:02:24] White is more active.} (39. Qh6 $142 Qxh6 40. Rxh6) 39... h6 $16 40. Rh1 (40. Rf2 {simplifies} Rf8 41. Rxf8 Qxf8 42. Qg6) 40... b5 $1 41. Rc1 {[%emt 0:09:54] Threatens to win with Rc5.} b4 42. e4 $36 {[%emt 0:05:11][%mdl 2048] White fights for an advantage.} Rf8 (42... dxe4 $11 43. Rf1 Rf8) 43. exd5 exd5 44. Rc5 {[%emt 0:01:51] Threatening mate with e6+. Some like it hot} Qh7 $2 {[%emt 0:01:47][%mdl 8192] [#]} (44... Qg5 $16 45. Rxd5+ Kc6 46. Rd6+ Kb5 47. Qxh6 (47. Rxh6 $2 {perishes.} Qe3+ 48. Kh4 Rf2 $19) 47... Qxh6 48. Rxh6 b3) 45. e6+ $1 {[%emt 0:00:17] Weighted Error Value: White=0.06 (flawless) /Black=0.24 (precise)   Loses game:     	---       	Black=1      Mistake:       	White=1     	Black=3      Inaccurate:     	White=1     	Black=3      OK:         	White=20    	Black=15     Best:        	White=2     	Black=2      Strong:       	White=1     	Black=5} ({Not} 45. Rxd5+ Kc6 46. Rc5+ Kb6 $16) 1-0

[Event "AUT Bundesliga 2024-25"]
[Site "Austria"]
[Date "2025.04.04"]
[Round "9.35"]
[White "Bauer, Sebastian"]
[Black "Subelj, Jan"]
[Result "1/2-1/2"]
[Annotator "TA"]
[ECO "B13"]
[WhiteElo "2312"]
[BlackElo "2528"]
[PlyCount "237"]
[EventDate "2024.08.28"]
[EventType "team-tourn"]
[EventCountry "AUT"]
[SourceTitle "playchess.com"]
[Source "ChessBase"]
[SourceQuality "1"]
[TimeControl "40/5400+30:1800+30"]

1. e4 c6 2. d4 d5 3. exd5 cxd5 4. Bd3 Nf6 5. c3 Bg4 6. Qb3 Qc7 7. h3 {[%emt 0:03:28] B13: Caro-Kann: Exchange Variation and Panov-Botvinnik Attack.} Bh5 8. Ne2 $1 {[%emt 0:02:06] The main line 8.Ne2 scores better than 8.g4.} Nc6 9. Bf4 Qd7 10. Nd2 e6 11. Ng1 $146 (11. O-O Bd6 12. Bxd6 Qxd6 13. Ng3 Bg6 14. Bxg6 hxg6 15. Nf3 O-O-O 16. Rfe1 Qf4 17. Qd1 {0-1 Gukesh,D (2720)-Rapport,R (2731) Wch Blitz Samarkand 2023 (7)}) 11... Bd6 12. Bxd6 Qxd6 13. Ngf3 O-O 14. O-O Rab8 15. Rfe1 Qc7 16. a3 Rfc8 17. Qc2 a5 18. a4 Nb4 19. cxb4 Qxc2 20. Bxc2 Rxc2 21. bxa5 Rxb2 22. Reb1 Rxb1+ 23. Rxb1 Nd7 24. Ne5 Nxe5 25. dxe5 $11 {[%emt 0:00:01][%mdl 4096] Endgame a6 is the strong threat. KRB-KRN} Be2 26. Rc1 h6 27. f4 Rd8 28. Kf2 Ba6 29. Rc5 d4 30. Kf3 d3 31. Ke3 g5 32. fxg5 hxg5 33. Ke4 ({White should try} 33. g3 $15) 33... Kg7 34. Ke3 Kh6 35. Ke4 (35. g3 $1 $15) 35... Kg6 $17 36. Ke3 {[%emt 0:00:12] [#]} Kf5 (36... Kg7 $1 $17) 37. Rc7 Kg6 (37... Rd5 $11 38. Rxf7+ Kxe5) 38. Rc5 Kh6 39. Ke4 $1 Kg7 40. Ke3 Kg6 41. Ke4 Rd7 42. Ke3 Kf5 ({Black should try} 42... Kh5 $15) 43. Ne4 $1 $11 d2 44. Nd6+ (44. Nxd2 $2 Rd3+ 45. Ke2 Rd5+ $19 (45... Rxh3+ 46. Kf2 $17)) 44... Kg6 45. Kxd2 f6 46. Kc3 fxe5 47. Nc4 {[%emt 0:00:00] The position is equal.} Bxc4 48. Rxc4 {[%emt 0:00:00] KR-KR} Kf5 49. g4+ Kf6 50. Kb4 Rd5 51. Kc3 $1 ({Don't blunder} 51. Rc7 $2 e4 52. Rc3 (52. Rxb7 $2 {loses.} e3 $19) 52... Ke5 $19) 51... Rxa5 52. Kd3 Rd5+ 53. Ke4 Rd2 54. Rb4 $1 Ra2 55. Kf3 Ra3+ 56. Kg2 {[%emt 0:00:08] [#]} b6 $1 57. Kh2 Rf3 58. Rxb6 e4 59. Rb5 e3 {[%emt 0:00:00] ( -> ...e2)} 60. Kg2 Rf2+ 61. Kg1 Ra2 {[%emt 0:00:00] ( -> ...Ra1+)} 62. Kf1 $1 Rxa4 63. Ke2 Ra2+ 64. Kxe3 Rh2 65. Ra5 Rxh3+ 66. Kf2 Rd3 67. Kg2 Rd5 68. Ra8 Ke5 69. Re8 Ra5 70. Rb8 Kd4 71. Rb4+ Ke5 72. Kf3 Ra3+ 73. Kf2 Rd3 74. Rb5+ Rd5 75. Rb6 Rc5 76. Ra6 Kd5 77. Rb6 Ra5 78. Rb8 Kd4 79. Rb4+ Kc5 80. Rb8 Kc4 81. Ke3 Re5+ 82. Kf3 Kc3 83. Rd8 Kc4 84. Rd7 Kc5 85. Rd8 Rd5 86. Ra8 Kd6 87. Ke4 Rb5 88. Ra6+ Ke7 89. Ra4 Rb3 90. Ke5 Re3+ 91. Kd4 Re1 92. Kd3 Kf6 93. Kd2 Rf1 94. Ke3 {[%emt 0:00:07] Wards off Rf4} Rb1 95. Kf3 Rb3+ 96. Kf2 Ke5 97. Ra5+ Kf6 98. Ra4 Rd3 99. Ke2 Rd5 100. Kf3 Ke5 101. Re4+ Kd6 102. Ra4 Rc5 103. Ra8 Kd5 104. Ra3 e5 105. Rd3+ Ke6 106. Ra3 Rc4 107. Ra6+ Kd5 {[%emt 0:00:02] aiming for ...e4+.} 108. Rg6 Rc3+ 109. Kf2 Kd4 110. Rxg5 e4 111. Ra5 Rc2+ 112. Ke1 Ke3 113. Ra3+ Kf4 114. Rb3 Kxg4 115. Ra3 Rh2 116. Rb3 Rh3 117. Rxh3 Kxh3 118. Ke2 e3 119. Kxe3 {[%emt 0:00:35] Weighted Error Value: White=0.06 (flawless) /Black=0.15 (very precise)   Mistake:       	White=2     	Black=3      Inaccurate:     	White=2     	Black=2      OK:         	White=50    	Black=34     Best:        	White=8     	Black=3      Strong:       	White=5     	---} 1/2-1/2

[Event "AUT Bundesliga 2024-25"]
[Site "Austria"]
[Date "2025.04.04"]
[Round "9.36"]
[White "Gschnitzer, Adrian"]
[Black "Hartl, Daniel"]
[Result "1-0"]
[Annotator "RC"]
[ECO "C55"]
[WhiteElo "2430"]
[BlackElo "2271"]
[PlyCount "91"]
[EventDate "2024.08.28"]
[EventType "team-tourn"]
[EventCountry "AUT"]
[SourceTitle "playchess.com"]
[Source "ChessBase"]
[SourceQuality "1"]
[TimeControl "40/5400+30:1800+30"]

1. e4 e5 2. Nf3 Nc6 3. Bc4 Nf6 4. d3 Be7 5. O-O O-O 6. Re1 d6 7. a4 Na5 8. Ba2 c5 9. c3 Nc6 10. Na3 Be6 11. Bxe6 fxe6 12. Nc4 h6 13. Bd2 Qe8 14. b4 cxb4 15. cxb4 Qg6 16. b5 Nd4 17. Nxd4 exd4 18. Bb4 Rad8 19. Ra2 Nh5 20. g3 Rf7 21. e5 d5 22. Bxe7 Rxe7 23. Nd6 Nf4 24. Rd2 Nh3+ 25. Kg2 Ng5 26. Qg4 Kh7 27. f4 Nf7 28. Qxg6+ Kxg6 29. Nxf7 Kxf7 30. Rc2 b6 31. Rc6 h5 32. Rec1 Kg6 33. Kf3 Kf7 34. Rc7 Rde8 35. g4 g6 36. Kg3 Kg7 37. R1c6 Kf7 38. Rxe7+ Rxe7 39. gxh5 gxh5 40. f5 exf5 41. Kf4 Ke8 42. e6 Rg7 43. Rc8+ Ke7 44. Rc7+ Kf6 45. Rxg7 Kxg7 46. Kxf5 1-0